 Dungeon Crawl Stone Soup version 0.28-b1-1-g3c77fb2ed1 (webtiles) character file.

Game seed: 17248825645830718873

91 Descartes the Grasshopper (level 4, -1/33 HPs)
             Began as a Formicid Warper on Jan 28, 2022.
             Slain by a centaur (2 damage)
             ... on level 3 of the Dungeon.
             The game lasted 00:03:08 (2687 turns).

Descartes the Grasshopper (Formicid Warper)         Turns: 2687, Time: 00:03:09

Health: -1/33      AC: 11    Str: 17    XL:     4   Next: 87%
Magic:  7/7        EV:  5    Int: 13    God:
Gold:   79         SH:  0    Dex: 10    Spells: 7/7 levels left

rFire   . . .      SeeInvis +   a - +0 mace
rCold   . . .      Faith    .   (no shield)
rNeg    . . .      Spirit   .   p - +0 plate armour
rPois   .          Reflect  .   (helmet unavailable)
rElec   .          Harm     .   (no cloak)
rCorr   .          Rampage  .   (no gloves)
Will    .....                   (no boots)
Stlth   ..........              (no amulet)
HPRegen 0.11/turn               (no ring)
MPRegen 0.10/turn               (no ring)

@: no status effects
A: permanent stasis, dig shafts and tunnels, antennae 3, four strong arms
a: Dig, Shaft Self


You were on level 3 of the Dungeon.
You visited 1 branch of the dungeon, and saw 3 of its levels.

You collected 79 gold pieces.

Inventory:

Hand Weapons
 a - a +0 mace (weapon)
 b - a +1 dagger of speed
Missiles
 c - 5 boomerangs of dispersal (quivered)
 e - 33 stones
 n - 5 javelins
Armour
 j - a +0 chain mail
 p - a +0 plate armour (worn)
Scrolls
 f - a scroll of noise {unknown}
 h - a scroll of fear {unknown}
 l - 2 scrolls of teleportation {unknown}
 m - a scroll of identify {unknown}
 o - a scroll of summoning {unknown}
Potions
 d - a potion of haste {unknown}
 g - a potion of lignification {unknown}
 i - a potion of berserk rage {unknown}
 k - 2 potions of heal wounds {unknown}


   Skills:
 - Level 2.1 Fighting
 - Level 2.0 Maces & Flails
 - Level 1.0 Throwing
 + Level 3.3 Armour
 - Level 1.7 Dodging
 - Level 2.1 Spellcasting
 + Level 3.8 Translocations


You had 7 spell levels left.
You didn't know any spells.
Your spell library contained the following spells:

 Spells                   Type           Power      Damage    Failure   Level
 Slow                     Hex            4%         N/A       100%        1
 Confusing Touch          Hex            1%         N/A       100%        3
 Gell's Gravitas          Tloc           11%        N/A       100%        3
 Lesser Beckoning         Tloc           11%        N/A       100%        3
 Teleport Other           Tloc           11%        N/A       100%        3
 Vampiric Draining        Necr           1%         2d6       100%        3
 Manifold Assault         Tloc           11%        N/A       100%        5
 Blink                    Tloc           Unusable   N/A       N/A         2

Dungeon Overview and Level Annotations

Branches:
Dungeon (3/15)

Altars:


Innate Abilities, Weirdness & Mutations

You cannot be hasted, slowed, berserked, paralysed or teleported.
You can dig through walls and to a lower floor.
You have a pair of large antennae on your head. (SInv)
Your four strong arms can wield two-handed weapons with a shield.


Message History

An endoplasm is nearby!
The endoplasm hits you.
You barely miss the endoplasm.
A centaur comes into view.
The endoplasm hits you but does no damage.
You sock the endoplasm!
You kill the endoplasm!
The centaur wields a +0 shortbow.
The centaur shoots an arrow.
The arrow barely misses you.
The centaur shoots an arrow.
The arrow hits you but does no damage.
The centaur shoots an arrow.
The arrow hits you!
The centaur shoots an arrow.
The arrow hits you.
The centaur shoots an arrow.
The arrow hits you.
There is an open door, spattered with blood here.
The centaur shoots an arrow.
The arrow hits you!
* * * LOW HITPOINT WARNING * * *
The centaur unwields a +0 shortbow.
The centaur hits you but does no damage.
The centaur kicks you but does no damage.
The centaur barely misses you.
The centaur kicks you but does no damage.
You closely miss the centaur.
The centaur hits you but does no damage.
The centaur kicks you but does no damage.
The centaur hits you but does no damage.
The centaur kicks you.
* * * LOW HITPOINT WARNING * * *
You barely miss the centaur.
The centaur hits you but does no damage.
The centaur kicks you but does no damage.
The centaur barely misses you. The centaur kicks you.
* * * LOW HITPOINT WARNING * * *
You hit the centaur.
The centaur is lightly wounded.
The centaur hits you but does no damage.
The centaur kicks you but does no damage.
The centaur hits you.
* * * LOW HITPOINT WARNING * * *
The centaur kicks you.
You die...

.# #...#.#.##.# ....#
.# #.#.#...##.##....#
.#####.#.#...##.#.....#
.......#.#......#....#
########.#..#####....#
#........#.####
###..###.#'#######
#..##..........#
#######..##.[@.......#
#........##.c........#
#........##...<......#
#....................#
#........####.######.#
#..r.....# #+# +#
#......... #.........
#..........


You could see a centaur.

Vanquished Creatures
  A centaur skeleton (D:2)
  2 adders (D:2)
  3 endoplasms
  A giant cockroach (D:2)
  7 goblins
  5 hobgoblins
  4 jackals (D:2)
  3 kobolds (D:2)
  4 quokkas
  A ball python (D:2)
  3 bats
  A frilled lizard (D:1)
  4 rats
39 creatures vanquished.

Notes
Turn   | Place    | Note
-------+----------+-------------------------------------------
     0 | D:1      | Descartes the Formicid Warper began the quest for the Orb.
     0 | D:1      | Reached XP level 1. HP: 16/16 MP: 3/3
   144 | D:1      | Reached XP level 2. HP: 14/22 MP: 5/5
  1243 | D:2      | Reached XP level 3. HP: 23/27 MP: 6/6
  1270 | D:2      | Reached XP level 4. HP: 20/33 MP: 7/7
  2679 | D:3      | Noticed a centaur
  2687 | D:3      | HP: 1/33 [centaur (3)]
  2687 | D:3      | Slain by a centaur

Illustrated notes

Levels and vault maps discovered:
D:1:      grunt_arrival_crossed_arrows, layout_loops_ring, serial_forest,
          infiniplex_forest_clump_tiny, infiniplex_forest_straight_2,
          infiniplex_forest_clump_long, infiniplex_forest_straight_3
D:2:      layout_loops_ring
D:3:      layout_basic, ebering_ghost_disaster_area

Skill      XL: |  1  2  3  4 |
---------------+-------------+-----
Translocations | 3 |  3.8
Armour         | 2 3 |  3.3
Fighting       | |  2.1
Maces & Flails | |  2.0
Throwing       | |  1.0
Dodging        | |  1.7
Spellcasting   | |  2.1

Action                   |  1- 3 |  4- 6 || total
-------------------------+-------+-------++-------
Melee: Mace              |    78 |    84 ||   162
       Punch             |     1 |     2 ||     3
Armor: Leather armour    |    13 |       ||    13
       Chain mail        |    30 |    72 ||   102
       Plate armour      |       |    12 ||    12
Dodge: Dodged            |    46 |    47 ||    93
